 Dungeon Sprint DCSS version 0.17-a0-1719-g1afd5a1 (webtiles) character file.

2186 patman the Basher (level 9, -20/141 HPs)
             Began as a Naga Berserker on Aug 26, 2015.
             Was a High Priest of Trog.
             Demolished by an ice devil (24 damage)
             ... summoned by an orc high priest
             ... in the Dungeon (Sprint III: "The Ten Rune Challenge") on Aug 27, 2015.
             The game lasted 00:07:37 (1753 turns).

patman the Basher (Naga Berserker)                  Turns: 1753, Time: 00:07:37

Health: -20/141    AC:  5    Str: 26    XL:     9   Next: 33%
Magic:  9/9        EV: 13    Int:  7    God:    Trog [*****.]
Gold:   21         SH:  0    Dex: 13    Spells: 0 memorised, 8 levels left

rFire  . . .     SeeInvis +     a - +0 mace
rCold  . . .     Clarity  .     w - +0 ring mail
rNeg   . . .     SustAt   .     (no shield)
rPois  +         Gourm    .     (no helmet)
rElec  .         Spirit   .     (no cloak)
rCorr  .         Warding  .     (no gloves)
rMut   .         NoTele   +     (no barding)
MR     +....                    (no amulet)
Stlth  ..........               (no ring)
                                (no ring)

@: berserking (expiring), quick, somewhat resistant to hostile enchantments,
extremely unstealthy
A: see invisible, deformed body, poison resistance, slowness 2, slow metabolism
1, spit poison 2, AC +3
a: Spit Poison, Burn Spellbooks, Berserk, Trog's Hand, Brothers in Arms,
Renounce Religion


You were in the Dungeon.
You worshipped Trog.
Trog was extremely pleased with you.
You were hungry.

You visited 1 branch You collected 21 gold pieces.

Inventory:

Hand weapons
 a - a +0 mace (weapon)
Armour
 w - a +0 ring mail (worn)
Scrolls
 i - 2 scrolls of blinking
 j - 2 scrolls of remove curse {unknown}
 m - a scroll of torment {unknown}
 n - a scroll of identify {unknown}
 r - a scroll of immolation {unknown}
 s - a scroll of magic mapping {unknown}
Potions
 d - a potion of curing
 f - a potion of haste
 g - 2 potions of magic
 h - a potion of berserk rage
 k - a potion of might
 l - 3 potions of mutation {unknown}
 p - a potion of cure mutation {unknown}
 q - 2 potions of flight {unknown}
 t - a potion of invisibility {unknown}
Books
 u - a book of Necromancy

   Spells                             Type                      Level
   a - Pain                           Necromancy                   1
   b - Animate Skeleton               Necromancy                   1
   c - Vampiric Draining              Necromancy                   3
   d - Regeneration                   Charms/Necromancy            3
   e - Animate Dead                   Necromancy                   4
   f - Control Undead                 Necromancy                   4
   Trog disapproves of the use of such an item.
 v - a book of Summonings

   Spells                             Type                      Level
   a - Recall                         Summoning/Translocation      3
   b - Aura of Abjuration             Summoning                    5
   c - Shadow Creatures               Summoning                    5
   d - Summon Demon                   Summoning                    5
   e - Summon Forest                  Summoning/Translocation      5
   f - Summon Mana Viper              Hexes/Summoning              5
   Trog disapproves of the use of such an item.
Miscellaneous
 x - a stone of tremors
Comestibles
 c - a bread ration
 o - 2 fruits


   Skills:
 - Level 10.8 Fighting
 * Level 14.3 Maces & Flails
 - Level 1.5 Armour
 - Level 9.0 Dodging


You had 8 spell levels left.
You didn't know any spells.

Dungeon Overview and Level Annotations

Branches:
Dungeon (1/1)

Altars:
Cheibriados
Dithmenos
Elyvilon
Fedhas
Gozag
Kikubaaqudgha
Makhleb
Nemelex Xobeh
Okawaru
Qazlal
Ru
Sif Muna
Trog
Vehumet
Xom
Yredelemnul
Zin
The Shining One
Jiyva
Lugonu

Shops:
D }


Innate Abilities, Weirdness & Mutations

You cannot wear boots.
Your serpentine skin is tough (AC +3).
You have supernaturally acute eyesight.
Armour fits poorly on your strangely shaped body.
Your system is resistant to poisons.
You cover ground very slowly.
You have a slow metabolism.
You can spit poison.


Message History

The ice devil is lightly wounded.
The orc barely misses you.
Unknown command.
You sock the ice devil!
The ice devil is moderately wounded.
The ice devil barely misses you.
Unknown command.
You completely miss the ice devil.
The ice devil is moderately wounded.
The orc barely misses you.
Unknown command.
You sock the ice devil!
The ice devil is heavily wounded.
Unknown command.
You hit the ice devil but do no damage.
The ice devil is heavily wounded.
The ice devil hits you.
* * * LOW HITPOINT WARNING * * *
The ice devil freezes you!!
You die...

♣.############ ##$#$#
♣♣.#___#__[#__###$$$$∩#
♣..#)..#...#._#........
♣♣..###'#)###)##$$...oo
....#..........#o))).
.♣..'.⌠........#o#$#
≈♣..#...######'#o3#
....#.⌠.#__#...#3#####
....#...#__#...#@o≈§≈+
....#[###__#...#)#§§§#
....#[..#__#...'.#§§.#
....#___#_.'...#.#§..#
▓▓▓▓▓▓▓▓▓▓▓▓▓▓▓▓▓▓▓▓▓▓


You could see 2 ice devils, an orc high priest and 3 orcs.

Vanquished Creatures
  Erica (D)
  A deep elf priest (D)
  A shadow (D)
  A spatial vortex (D)
  An orc warrior (D)
  A necrophage (D)
  A water elemental (D)
  A jelly (D)
  An orc wizard (D)
  2 orc priests (D)
  A necromancer (D)
  A wizard (D)
  A kobold demonologist (D)
  3 humans (D)
  2 oozes (D)
  A phantom (D)
  4 orcs (D)
  2 rats (D)
26 creatures vanquished.

Vanquished Creatures (collateral kills)
  An orc knight (D)
  An orc warrior (D)
  2 orc wizards (D)
  An orc (D)
5 creatures vanquished.

Vanquished Creatures (others)
  2 draconian scorchers (D)
  2 yaktaurs (D)
  4 plants (D)
8 creatures vanquished.

Grand Total: 39 creatures vanquished

Notes
Turn   | Place    | Note
--------------------------------------------------------------
     0 | D        | patman the Naga Berserker began the quest for the Orb.
     0 | D        | Reached XP level 1. HP: 21/21 MP: 1/1
    10 | D        | Reached skill level 4 in Maces & Flails
    12 | D        | Acquired Trog's second power
    12 | D        | Reached skill level 5 in Maces & Flails
    12 | D        | Reached XP level 2. HP: 6/28 MP: 2/2
   170 | D        | Killed a white draconian scorcher
   179 | D        | Killed a white draconian scorcher
   278 | D        | Reached skill level 6 in Maces & Flails
   278 | D        | Reached XP level 3. HP: 31/34 MP: 3/3
   344 | D        | Killed a yaktaur
   415 | D        | Upgraded the game from 0.17-a0-1718-g72dbe4d to 0.17-a0-1719-g1afd5a1
   425 | D        | Noticed a water elemental
   430 | D        | Killed a water elemental
   430 | D        | Reached skill level 9 in Maces & Flails
   430 | D        | Reached XP level 4. HP: 42/42 MP: 4/4
   467 | D        | Found a radiant altar of Vehumet.
   467 | D        | Found a deep blue altar of Sif Muna.
   467 | D        | Found an ancient bone altar of Kikubaaqudgha.
   467 | D        | Noticed a wizard
   469 | D        | Killed a wizard
   473 | D        | Reached skill level 10 in Maces & Flails
   473 | D        | Reached XP level 5. HP: 49/49 MP: 5/5
   499 | D        | Found a glowing silver altar of Zin.
   499 | D        | Found a glowing golden altar of the Shining One.
   499 | D        | Found a white marble altar of Elyvilon.
   500 | D        | Noticed a deep elf priest
   508 | D        | Killed a deep elf priest
   508 | D        | Acquired Trog's third power
   508 | D        | Reached XP level 6. HP: 17/66 MP: 6/6
   723 | D        | Killed a yaktaur
   734 | D        | Found an iron altar of Okawaru.
   734 | D        | Found a bloodstained altar of Trog.
   734 | D        | Noticed a human
   736 | D        | Noticed a human
   750 | D        | Killed a human
   750 | D        | Reached XP level 7. HP: 62/75 MP: 7/7
   764 | D        | Killed a human
   954 | D        | Found a basalt altar of Yredelemnul.
   954 | D        | Found a snail-covered altar of Cheibriados.
   954 | D        | Found a blossoming altar of Fedhas.
   954 | D        | Noticed a necrophage
   954 | D        | Noticed a necromancer
   958 | D        | Killed a necrophage
   961 | D        | Killed a necromancer
   997 | D        | Noticed a jelly
   998 | D        | Noticed a shadow
  1012 | D        | Killed a shadow
  1012 | D        | Reached skill level 10 in Fighting
  1012 | D        | Reached XP level 8. HP: 85/87 MP: 8/8
  1014 | D        | Killed a jelly
  1063 | D        | Found a stormy altar of Qazlal.
  1063 | D        | Found a sacrificial altar of Ru.
  1063 | D        | Found a burning altar of Makhleb.
  1063 | D        | Found a shimmering altar of Xom.
  1063 | D        | Noticed a spatial vortex
  1064 | D        | Found a viscous altar of Jiyva.
  1064 | D        | Found a shadowy altar of Dithmenos.
  1064 | D        | Found a sparkling altar of Nemelex Xobeh.
  1064 | D        | Found a corrupted altar of Lugonu.
  1064 | D        | Found an opulent altar of Gozag.
  1083 | D        | Killed a spatial vortex
  1412 | D        | Noticed Erica
  1437 | D        | Killed Erica
  1437 | D        | Reached skill level 13 in Maces & Flails
  1437 | D        | Reached XP level 9. HP: 39/94 MP: 9/9
  1707 | D        | Found Wicidir's Gadget Emporium.
  1707 | D        | Noticed an orc priest
  1707 | D        | Noticed an orc warrior
  1708 | D        | Noticed an orc wizard
  1708 | D        | Noticed an orc knight
  1708 | D        | Noticed an orc high priest
  1708 | D        | Noticed an orc warrior
  1708 | D        | Noticed an orc wizard
  1708 | D        | Noticed an orc priest
  1709 | D        | Noticed an orc wizard
  1714 | D        | Killed an orc wizard
  1716 | D        | Killed an orc wizard
  1716 | D        | Killed an orc knight
  1718 | D        | Killed an orc warrior
  1721 | D        | Noticed a rust devil
  1726 | D        | HP: 7/141 [orc priest/dagger (2)]
  1727 | D        | Killed an orc warrior
  1727 | D        | Reached skill level 14 in Maces & Flails
  1729 | D        | Killed an orc priest
  1731 | D        | Received a gift from Trog
  1733 | D        | Noticed an ice devil
  1734 | D        | Noticed an ice devil
  1739 | D        | Killed an orc wizard
  1746 | D        | Killed an orc priest
  1753 | D        | HP: 4/141 [ice devil[an orc high priest] (5)]
  1753 | D        | Demolished by an ice devil

Vault maps used:
D:        dungeon_sprint_mu

Action                   |  1- 3 |  4- 6 |  7- 9 || total
-------------------------+-------+-------+-------++-------
Melee: Mace              |    26 |    22 |    90 ||   138
Invok: Berserk           |     2 |     3 |     4 ||     9
       Brothers in Arms  |       |       |     2 ||     2
 Abil: Spit Poison       |     1 |     1 |     2 ||     4
  Use: Potion            |       |       |     2 ||     2
  Eat: Chunk             |       |     3 |       ||     3
       Bread ration      |       |       |     1 ||     1
       Royal jelly       |       |       |     1 ||     1
